Map: Ruins of Endion

Players

PongO

  • Race: Terran Terran
  • League: Diamond

Havock - Winner!

  • Race: Terran Terran
  • League: Diamond

VOD

Have the link to the VOD?

Description

Time

  • Played on: May 18, 2016, 3:51 p.m.
  • Length: 18:28
Show
View Real Time Build Order
Export as new Build Order

PongO Terran 

Build Orders: Reaper Expand 

Get SALT Encoding   

  12  0:01  SCV  
  13  0:13  SCV  
  14  0:19  Supply Depot  
  14  0:25  SCV  
  15  0:40  SCV  
  15  0:41  Barracks  
  16  0:45  Refinery  
  16  0:52  SCV  
  17  1:04  SCV  
  18  1:16  SCV  
  19  1:29  Orbital Command  
  19  1:31  Reaper  
  20  1:45  Command Center  
  20  1:55  Supply Depot  
  20  1:57  SCV  
  21  2:03  Marine  
  21  2:10  SCV  
  22  2:21  Marine, Factory  
  22  2:22  SCV  
  24  2:34  SCV  
  25  2:39  Marine  
  26  2:46  SCV  
  27  2:56  Marine  
  27  2:59  Orbital Command  
  27  3:09  SCV  
  26  3:14  Marine  
  27  3:21  SCV  
  27  3:22  Factory Tech Lab  
  27  3:24  Starport, Command Center  
  28  3:27  Refinery  
  28  3:31  SCV  
  28  3:33  SCV  
  30  3:42  Siege Tank  
  30  3:43  SCV  
  30  3:47  SCV  
  35  3:55  SCV  
  36  3:57  Engineering Bay, Barracks Reactor  
  36  3:59  SCV  
  37  4:05  Supply Depot  
  37  4:07  SCV  
  38  4:12  SCV  
  38  4:16  Refinery x2  
  39  4:17  Medivac  
  39  4:19  SCV  
  40  4:41  Orbital Command  
  40  4:42  Marine x2  
  41  4:47  Barracks  
  41  4:51  SCV x2  
  37  5:01  Marine x2  
  37  5:02  Siege Tank  
  37  5:04  Viking  
  44  5:15  Barracks x2  
  44  5:16  SCV  
  44  5:17  SCV  
  44  5:18  SCV  
  47  5:22  Terran Infantry Weapons Level 1  
  47  5:29  SCV x2  
  47  5:31  Marine x2  
  47  5:34  SCV  
  52  5:41  SCV  
  52  5:42  SCV  
  54  5:45  Barracks Reactor  
  54  5:46  SCV  
  54  5:49  Marine x2  
  57  5:53  SCV  
  57  5:54  SCV  
  59  5:58  SCV  
  56  6:05  SCV  
  56  6:06  SCV  
  56  6:10  SCV  
  58  6:16  Barracks Tech Lab  
  58  6:17  Barracks Reactor, Starport Reactor, SCV  
  59  6:19  SCV  
  59  6:22  SCV  
  61  6:28  Marine x2  
  61  6:29  Marine x2, SCV  
  66  6:33  Siege Tank  
  69  6:42  SCV  
  69  6:44  SCV  
  69  6:45  Marine  
  69  6:47  Marine  
  69  6:55  Marine  
  69  6:57  Orbital Command, SCV x2  
  69  6:58  Marine  
  69  7:24  Sensor Tower  
  69  7:25  Sensor Tower  
  69  7:33  Supply Depot  
  69  7:43  Marine x6, SCV x2  
  77  7:50  Stimpack  
  77  7:54  Marine  
  77  7:55  Medivac x2, Siege Tank  
  85  8:00  Supply Depot  
  85  8:01  Supply Depot, Terran Infantry Armor Level 1  
  85  8:05  Armory  
  85  8:09  Engineering Bay  
  85  8:17  Marine, SCV  
  85  8:18  SCV  
  85  8:19  Marine x2  
  85  8:21  Marine, SCV  
  84  8:29  SCV  
  84  8:30  SCV  
  84  8:32  Factory Tech Lab  
  84  8:33  SCV  
  81  8:36  Marine x4  
  81  8:37  Marine x2  
  91  8:41  SCV  
  91  8:42  SCV  
  91  8:45  SCV  
  91  8:46  Viking x2  
  91  8:47  Marine  
  95  8:52  Siege Tank  
  95  8:53  Marine  
  95  8:54  Marine  
  100  8:57  Barracks  
  100  8:58  Barracks  
  100  9:02  SCV  
  101  9:03  Supply Depot  
  101  9:05  Supply Depot  
  101  9:21  Marine x6  
  101  9:22  SCV x2  
  109  9:24  Marine  
  109  9:25  Medivac x2  
  109  9:30  Supply Depot, Factory  
  109  9:31  SCV  
  115  9:33  Supply Depot  
  115  9:34  SCV  
  115  9:38  Siege Tank  
  119  9:39  Marine x3  
  122  9:50  Marine x3  
  122  9:54  Marine  
  122  9:57  Marine  
  122  9:58  Barracks Reactor x2  
  123  10:01  SCV  
  123  10:02  SCV x2  
  115  10:15  Marine  
  115  10:16  Marine x3  
  96  10:22  Siege Tank  
  96  10:23  Marine x2  
  96  10:24  Marine  
  102  10:29  Terran Infantry Weapons Level 2, Terran Infantry Armor Level 2  
  102  10:33  Marine, Terran Vehicle Weapons Level 1  
  102  10:34  Command Center  
  103  10:37  Supply Depot  
  103  10:38  Supply Depot  
  103  10:58  Marine x3  
  103  10:59  Marine x8  
  103  11:01  Siege Tank  
  114  11:16  Marine x9  
  114  11:17  Marine x2, SCV x2  
  119  11:22  SCV  
  117  11:29  SCV  
  118  11:34  Marine x6  
  118  11:35  Medivac  
  124  11:55  Marine x6  
  124  11:56  Marine x5  
  124  11:58  Siege Tank  
  128  12:12  Marine  
  128  12:13  Marine x5  
  134  12:22  Marine  
  124  12:23  Marine x4  
  124  12:24  Medivac  
  124  12:25  Medivac  
  133  12:30  Siege Tank  
  136  12:37  Marine  
  136  12:38  Marine x5  
  136  12:48  Factory Tech Lab  
  136  12:49  Supply Depot  
  136  12:51  Supply Depot  
  136  13:05  Marine  
  136  13:06  Marine x8  
  136  13:08  Planetary Fortress  
  136  13:10  SCV  
  136  13:11  SCV  
  147  13:20  SCV  
  147  13:22  SCV  
  147  13:23  SCV  
  147  13:26  Supply Depot  
  150  13:28  Viking  
  149  13:55  Marine x2  
  149  13:56  Marine x2  
  149  13:57  Marine x5  
  149  13:58  Marine  
  149  13:59  Siege Tank  
  149  14:01  Siege Tank  
  149  14:02  SCV  
  166  14:04  SCV  
  166  14:08  Marine  
  168  14:13  Marine x2  
  168  14:16  Marine x3  
  172  14:27  Viking  
  172  14:28  Viking  
  172  14:30  Terran Infantry Weapons Level 3  
  176  14:31  Siege Tank  
  166  14:39  Marine  
  166  14:40  Marine  
  128  14:49  Marine x7  
  126  14:57  SCV x3  
  129  15:09  Marine x4  
  129  15:11  Marine  
  134  15:14  SCV  
  120  15:41  Marine x6  
  120  15:42  Marine x5  
  125  15:49  Viking  
  123  15:58  SCV x2  
  124  16:05  Marine x2  
  124  16:06  Marine x6  
  124  16:08  Marine x2  
  130  16:24  Marine  
  131  16:26  Marine  
  131  16:27  Marine x4  
  131  16:28  Marine x4  
  129  16:44  Marine x4  
  130  17:04  Marine x3  
  131  17:18  Marine x2  
  131  17:19  Marine x5  
  131  17:20  Siege Tank  
  141  17:27  Medivac x2  
  111  18:05  Marine x2  
  111  18:06  Marine x8  
  111  18:07  Marine  
Show
View Real Time Build Order
Export as new Build Order

Havock Terran - Winner!

Build Orders: 1/1/1, Liberator Opening, MMM Bio 

Get SALT Encoding   

  12  0:01  SCV  
  13  0:14  SCV  
  14  0:20  Supply Depot  
  14  0:26  SCV  
  15  0:30  Refinery  
  15  0:44  Barracks  
  15  0:46  SCV  
  16  0:58  SCV  
  17  1:10  SCV  
  18  1:22  SCV  
  19  1:31  Factory  
  19  1:32  Marine  
  19  1:36  Orbital Command  
  20  1:43  Supply Depot  
  20  1:50  Marine  
  21  2:04  SCV  
  21  2:08  Marine  
  23  2:16  Hellion, SCV  
  23  2:19  Starport  
  26  2:26  Supply Depot  
  26  2:30  Marine  
  27  2:37  Bunker  
  27  2:42  SCV  
  28  2:47  Marine  
  29  2:54  SCV  
  29  2:58  Liberator  
  28  3:05  Marine  
  28  3:20  SCV  
  28  3:23  Marine  
  30  3:32  Command Center, SCV  
  30  3:44  SCV  
  32  3:50  Barracks  
  32  3:54  Barracks  
  31  3:56  SCV  
  32  4:03  Supply Depot  
  32  4:05  Barracks Tech Lab  
  32  4:06  Starport Reactor  
  32  4:08  SCV  
  32  4:09  Factory Tech Lab  
  33  4:13  Refinery  
  33  4:20  SCV  
  34  4:32  SCV  
  34  4:33  Marine  
  36  4:40  Marine  
  36  4:42  Stimpack  
  36  4:45  SCV  
  38  4:48  Orbital Command  
  38  4:50  Medivac  
  38  4:51  Marine x2  
  42  4:57  Marine  
  43  5:02  SCV  
  44  5:09  Marine x2  
  44  5:11  Supply Depot  
  44  5:14  SCV  
  47  5:15  Marine  
  47  5:17  SCV  
  49  5:24  Siege Tank  
  49  5:26  SCV  
  49  5:27  Marine x2  
  55  5:29  SCV  
  55  5:33  Marine  
  57  5:38  SCV  
  57  5:40  Supply Depot  
  57  5:41  Engineering Bay, SCV  
  59  5:42  Medivac  
  59  5:45  Marine x2  
  63  5:50  SCV  
  63  5:53  SCV  
  63  5:55  Marine  
  66  6:03  Marine, Marauder  
  66  6:13  Marine, SCV  
  66  6:18  Refinery x2  
  68  6:21  Marine, Medivac  
  68  6:22  Medivac  
  68  6:23  SCV  
  68  6:24  Marine  
  75  6:31  Marine  
  76  6:35  SCV  
  76  6:38  Marine  
  78  6:42  Marine  
  72  6:47  SCV  
  72  6:49  Marine  
  73  6:56  Marine  
  73  7:00  Marine  
  66  7:02  SCV  
  66  7:06  Marine, Command Center  
  66  7:07  SCV  
  69  7:08  Terran Infantry Weapons Level 1  
  69  7:14  Marine, SCV  
  71  7:17  Marine  
  71  7:19  SCV  
  71  7:20  Barracks  
  73  7:23  Barracks  
  73  7:24  Marine  
  73  7:29  Combat Shields  
  74  7:31  SCV  
  74  7:32  Marine  
  74  7:35  Supply Depot  
  74  7:36  Marauder  
  78  7:56  Marine x2  
  78  7:57  Marine, Supply Depot, Medivac, SCV  
  84  7:59  Supply Depot  
  84  8:05  Supply Depot  
  84  8:09  SCV  
  85  8:14  Marine  
  85  8:18  Marine x2  
  88  8:21  SCV  
  88  8:23  Marine x2  
  91  8:32  Marine  
  80  8:36  Marine, Marauder  
  80  8:40  Marine  
  80  8:41  Marine  
  84  8:50  Marine  
  84  8:53  Marine  
  84  8:54  Missile Turret  
  84  8:55  Missile Turret  
  86  8:57  Marine, Medivac  
  86  8:58  Marine x2, Siege Tank  
  94  9:04  Supply Depot  
  94  9:06  Supply Depot, Terran Infantry Armor Level 1  
  94  9:07  Armory  
  94  9:08  Marine  
  94  9:09  Engineering Bay  
  95  9:11  Marine  
  95  9:13  Orbital Command  
  95  9:15  Marine  
  95  9:16  Missile Turret  
  97  9:23  SCV x2  
  99  9:30  Siege Tank  
  102  9:34  Barracks Reactor x3  
  102  9:35  Barracks Reactor, SCV x2  
  102  9:37  Marine, Orbital Command  
  105  9:47  SCV x2  
  108  9:54  Marine  
  108  9:58  Medivac x2  
  108  9:59  SCV x2  
  114  10:03  Siege Tank  
  113  10:11  SCV x2  
  113  10:13  Marauder  
  115  10:16  Marine x2  
  110  10:25  SCV x2  
  110  10:26  SCV  
  110  10:27  Terran Infantry Weapons Level 2  
  113  10:34  Marine  
  113  10:35  Siege Tank  
  117  10:37  SCV  
  118  10:45  Command Center, SCV  
  118  10:46  SCV  
  121  10:50  SCV  
  121  10:51  Marine  
  122  10:58  SCV x2  
  122  11:02  SCV  
  125  11:06  Marine  
  125  11:07  Marine x2, Siege Tank  
  125  11:08  Marine x2  
  125  11:10  SCV  
  132  11:13  Marine  
  132  11:14  Marauder  
  133  11:18  Marine  
  133  11:19  Marine  
  133  11:23  SCV  
  133  11:24  Marine x2  
  133  11:25  Marine  
  132  11:31  Marine x3  
  135  11:34  Supply Depot  
  135  11:35  Marauder, SCV  
  135  11:36  Marine x2  
  135  11:37  Supply Depot  
  135  11:39  Siege Tank  
  117  11:40  Supply Depot  
  117  11:42  Marine x2  
  117  11:43  Marine  
  120  11:49  Marine x3, Supply Depot  
  123  11:54  Marine x2  
  123  11:56  Marine  
  123  12:00  Marine x2  
  123  12:01  Marine  
  128  12:07  Marine x3  
  132  12:12  Marine x2  
  132  12:14  Marine  
  135  12:18  Marine x2  
  135  12:19  Marine  
  124  12:24  Marine x3  
  124  12:28  Planetary Fortress  
  124  12:29  Marine  
  124  12:30  Marine  
  124  12:32  Marine, Missile Turret  
  124  12:35  Marine  
  124  12:36  Marine  
  129  12:41  Marine  
  129  12:42  Marine  
  125  12:46  Terran Infantry Armor Level 2  
  125  12:47  Terran Infantry Weapons Level 3  
  125  12:52  Missile Turret  
  125  12:58  Barracks  
  125  13:00  SCV x3  
  125  13:01  Barracks  
  125  13:03  Barracks  
  128  13:06  Barracks  
  128  13:09  Marine x5, Marauder  
  128  13:12  Supply Depot, SCV x3  
  138  13:19  Marine x3  
  141  13:24  SCV x3  
  141  13:27  Marine x5  
  144  13:29  Refinery x2, Terran Vehicle Weapons Level 1  
  144  13:30  Marauder  
  151  13:36  Marine  
  151  13:37  Marine x2  
  151  13:39  Supply Depot  
  151  13:40  Supply Depot  
  154  13:44  Marine  
  154  14:11  Marine x3  
  157  14:19  Marine x2  
  157  14:22  Barracks Reactor x4  
  159  14:26  Marine x2  
  159  14:30  Marine x2  
  157  14:42  Marine x3  
  127  14:49  Marine x4  
  127  14:50  Marine  
  111  14:56  Marauder  
  111  14:57  Siege Tank  
  116  15:00  Marine x3  
  121  15:07  Marine  
  121  15:11  Marine  
  121  15:13  Marine x3  
  127  15:17  Terran Infantry Armor Level 3, Marauder  
  127  15:18  Marine x2, Medivac x2  
  134  15:29  Siege Tank  
  124  15:39  Marine x4, Marauder  
  125  15:46  Barracks  
  125  15:47  Medivac  
  125  15:48  Medivac  
  129  15:55  Marine x2  
  131  16:00  Marine, Marauder  
  131  16:01  Marine x5, Siege Tank  
  142  16:13  Marine x2  
  143  16:18  Marine x2  
  143  16:19  Marine x2  
  143  16:21  Marine  
  143  16:22  Marine, Barracks, Marauder  
  143  16:24  Command Center, Barracks  
  143  16:35  Barracks  
  143  16:37  Marine x2  
  143  16:39  Marine  
  137  16:43  Marauder  
  137  16:47  Marine x2  
  139  16:57  Marine x3  
  136  17:01  Command Center  
  136  17:04  Marauder  
  138  17:10  Marine x3  
  138  17:11  Barracks  
  139  17:18  Marine x3  
  139  17:21  Marine  
  143  17:23  Marine x2  
  143  17:29  Marine x2  
  145  17:35  Marine x2  
  145  17:36  Marine x3  
  143  17:42  Marine x2  
  143  17:44  Marine x3  
  142  17:47  Marine  
  146  17:59  Marine x2  
  139  18:06  Marine x3  
  139  18:07  Marine x7  
  139  18:08  Marine  
Tags
 
Add a new tag
Caveats
  • Supply blocks, unpowered buildings, or Contaminate may cause inaccurate times.
  • Supply counts are checked every 10 seconds.